Map: Ruins of Seras

Players

MorN - Winner!

  • Race: Terran Terran

sterne

  • Race: Terran Terran

VOD

Have the link to the VOD?

Description

Time

  • Played on: Nov. 9, 2015, 7:01 p.m.
  • Length: 10:55
Show
View Real Time Build Order
Export as new Build Order

MorN Terran - Winner!

Build Orders: Reaper Expand 

Get SALT Encoding   

  12  0:00  SCV  
  13  0:13  SCV  
  14  0:23  Supply Depot  
  14  0:25  SCV  
  15  0:45  SCV  
  15  0:46  Barracks  
  16  0:56  Refinery  
  16  0:57  SCV  
  17  1:09  SCV  
  18  1:24  SCV  
  19  1:37  Command Center  
  19  1:39  Reaper  
  20  1:43  Orbital Command  
  20  1:59  Supply Depot  
  20  2:11  Reaper  
  20  2:15  SCV  
  22  2:27  SCV  
  23  2:44  Factory  
  23  2:53  Barracks Reactor  
  23  2:55  Refinery  
  23  2:57  SCV  
  24  3:07  Barracks  
  24  3:08  Barracks  
  24  3:09  SCV  
  25  3:22  SCV  
  26  3:30  Orbital Command  
  26  3:38  Starport  
  26  3:43  Barracks Tech Lab  
  26  3:47  SCV  
  27  3:49  Hellion x2  
  31  3:56  SCV  
  31  3:58  Barracks Reactor x2  
  32  4:07  SCV  
  33  4:11  Hellion x2, Marine  
  33  4:14  SCV  
  39  4:19  SCV  
  40  4:26  Starport Reactor  
  40  4:30  SCV  
  40  4:31  SCV  
  42  4:37  Hellion x2  
  46  4:45  Supply Depot  
  46  4:46  Supply Depot  
  46  5:07  SCV x2, Marine x5  
  57  5:16  Viking x2  
  57  5:19  SCV x2  
  54  5:22  Engineering Bay  
  54  5:24  Marine x3  
  54  5:25  Marine  
  54  5:26  Hellion x2  
  49  5:43  Marine x2  
  49  5:46  Viking x2  
  52  5:54  SCV x2  
  44  6:07  Missile Turret  
  44  6:09  Barracks Tech Lab  
  41  6:15  SCV x2  
  42  6:24  Marine x2  
  42  6:25  Marine x2  
  46  6:27  SCV x2  
  48  6:33  Medivac x2  
  48  6:39  SCV x2  
  54  6:41  Marine  
  54  6:42  Marine x2  
  57  6:51  SCV x2  
  57  6:52  Supply Depot  
  59  7:00  Terran Infantry Weapons Level 1  
  59  7:01  Marine x2  
  59  7:03  SCV  
  53  7:19  SCV x2  
  53  7:22  Supply Depot  
  55  7:23  Marine x2  
  55  7:26  Hellion  
  59  7:31  SCV x2  
  59  7:32  Marine x2  
  63  7:38  Supply Depot  
  63  7:43  SCV  
  63  7:44  SCV  
  65  7:46  Stimpack  
  65  7:55  Marine x3  
  65  7:56  SCV x2, Marine  
  71  8:04  Marine  
  71  8:05  Supply Depot  
  72  8:08  SCV x2  
  74  8:13  Marine  
  74  8:15  Refinery  
  74  8:17  Marine x3  
  78  8:20  SCV  
  78  8:22  Medivac, Marine  
  83  8:31  Marine  
  83  8:36  Marine x2  
  83  8:38  Command Center  
  85  8:44  Armory, SCV  
  85  8:48  Marine x2  
  88  8:56  Marine x3  
  88  9:00  Supply Depot x2  
  91  9:09  Refinery  
  91  9:11  SCV  
  91  9:12  Supply Depot  
  91  9:14  Medivac  
  94  9:21  Marine x3  
  97  9:31  Widow Mine, Marine x2  
  96  9:32  Widow Mine  
  95  9:39  Marine x2  
  95  9:43  Supply Depot  
  95  9:44  Marine  
  98  9:46  Medivac x2  
  98  9:49  Marine  
  103  9:53  Orbital Command  
  103  9:56  Marine  
  103  9:57  Marine  
  105  10:04  Marine  
  105  10:05  Marine  
  105  10:06  Marine  
  108  10:14  Marine  
  108  10:15  Marine  
  106  10:22  Marine x2  
  106  10:24  Marine  
  98  10:32  Marine  
  98  10:33  Marauder  
Show
View Real Time Build Order
Export as new Build Order

sterne Terran 

Build Orders: Banshee Rush 

Get SALT Encoding   

  12  0:04  SCV  
  13  0:16  SCV  
  13  0:19  Supply Depot  
  14  0:28  SCV  
  15  0:40  SCV  
  16  0:45  Barracks  
  16  0:47  Refinery  
  16  0:53  SCV  
  17  1:05  SCV  
  18  1:17  SCV  
  19  1:29  SCV  
  19  1:30  Refinery  
  20  1:39  Supply Depot, Marine  
  21  1:41  Orbital Command  
  21  1:53  Factory  
  21  1:57  Marine  
  22  2:07  SCV  
  23  2:14  Marine  
  24  2:25  SCV  
  25  2:32  Marine  
  26  2:42  Factory Tech Lab, Starport  
  26  2:43  SCV  
  27  2:54  Command Center  
  27  2:58  SCV, Supply Depot  
  28  3:05  Marine  
  29  3:10  SCV  
  30  3:23  Marine  
  31  3:27  Cloaking Field  
  31  3:28  Banshee  
  31  3:32  SCV  
  35  3:40  Factory Tech Lab, Marine  
  36  3:44  Starport  
  36  3:45  SCV  
  37  3:49  Supply Depot  
  37  4:03  SCV  
  37  4:08  Orbital Command  
  38  4:10  Banshee  
  41  4:24  Supply Depot  
  41  4:33  Orbital Command  
  41  4:35  SCV  
  41  4:36  Fusion Core  
  42  4:44  Marine  
  43  4:49  Banshee  
  46  4:53  Banshee  
  41  5:21  Orbital Command  
  41  5:32  Banshee  
  44  5:39  Medivac  
  46  5:49  SCV x2  
  48  6:01  SCV x2  
  50  6:08  Banshee  
  53  6:13  SCV, Marine  
  52  6:20  Viking  
  54  6:26  Starport  
  54  6:31  Refinery, Marine  
  55  6:34  Supply Depot  
  55  6:35  Refinery  
  55  6:36  Supply Depot  
  55  6:38  SCV  
  56  6:42  SCV  
  57  6:47  Command Center  
  57  6:49  Marine  
  57  6:50  SCV, Barracks  
  57  6:52  Barracks  
  59  6:58  Banshee x2  
  65  7:07  Marine  
  60  7:23  Starport Reactor  
  60  7:24  SCV  
  60  7:25  Supply Depot  
  60  7:27  Hyperflight Rotors  
  58  7:41  Viking, Marine  
  58  7:42  Marine x2  
  63  7:48  SCV x2  
  65  7:58  Supply Depot, Marine  
  65  7:59  Supply Depot  
  65  8:00  SCV x2, Viking, Marine x2  
  65  8:01  Supply Depot, Viking x2  
  76  8:06  Orbital Command  
  76  8:12  SCV x2  
  78  8:16  Marine  
  79  8:29  Orbital Command  
  79  8:38  Marine x3  
  82  8:41  Viking x3  
  82  8:43  Refinery x2  
  88  8:54  Weapon Refit  
  88  8:55  SCV x2  
  90  8:56  SCV  
  90  9:01  Viking  
  93  9:07  SCV x2  
  93  9:08  SCV  
  96  9:13  Viking  
  96  9:14  Viking  
  100  9:19  SCV x2  
  100  9:20  SCV  
  103  9:37  Behemoth Reactor  
  103  9:38  Banshee x2  
  109  9:41  Marine  
  109  9:42  Marine x2  
  109  9:43  SCV  
  113  9:46  Supply Depot  
  113  9:47  Supply Depot  
  113  9:48  Supply Depot  
  113  9:59  Marine  
  112  10:00  Marine x2  
  94  10:17  Marine  
  94  10:18  Marine x2  
  82  10:35  Marine x3  
Tags
 
Matchup
TvT
Race
Terran
Replay Pack
MorN pack 1
Strategy
Banshee Rush
Add a new tag
Caveats
  • Supply blocks, unpowered buildings, or Contaminate may cause inaccurate times.
  • Supply counts are checked every 10 seconds.